 Dungeon Crawl Stone Soup version 0.30.1-11-g7821555f0a (webtiles) character file.

Game seed: 1947083446237121044

6806 Marvel the Cleaver (level 11, -1/95 HPs)
             Began as a Hill Orc Fighter on Dec 19, 2023.
             Was a Believer of Beogh.
             Slain by a yak (4 damage)
             ... on level 10 of the Dungeon.
             The game lasted 00:17:10 (8204 turns).

Marvel the Cleaver (Hill Orc Fighter)               Turns: 8204, Time: 00:17:11

Health: -1/95      AC: 17    Str: 24    XL:     11   Next: 5%
Magic:  0/11       EV:  7    Int:  8    God:    Beogh [**....]
Gold:   318        SH:  5    Dex: 10    Spells: 10/10 levels left

rFire   + . .        E - +10 hand axe "Ufuhepp" {freeze, rC+ Will+}
rCold   + . .        c - +0 buckler
rNeg    . . .        f - +0 plate armour
rPois   .            (no helmet)
rElec   .            (no cloak)
rCorr   .            v - +1 pair of gloves
SInv    .            (no boots)
Will    ++...        M - amulet of guardian spirit Stlth
                     m - ring of protection from fire
HPRegen 0.35/turn    I - ring of willpower
MPRegen 0.12/turn

%: guardian spirit
@: mighty
A: mutation resistance 1
a: Renounce Religion, Smiting


You were on level 10 of the Dungeon.
You worshipped Beogh.
Beogh was pleased with you.
You visited 2 branches of the dungeon, and saw 11 of its levels.

You collected 535 gold pieces.
You spent 217 gold pieces at shops.

Inventory:

Hand Weapons
 a - a +1 war axe
 k - a +0 broad axe
 s - the +8 rapier of Ointment {venom, rC+}
   (You found it on level 8 of the Dungeon)

   rC:        It protects you from cold.
 t - a +0 spear of venom
 E - the +10 hand axe "Ufuhepp" (weapon) {freeze, rC+ Will+}
   (You bought it in a shop on level 3 of the Dungeon)

   rC:        It protects you from cold.
   Will:      It increases your willpower.
Missiles
 e - 17 poisoned darts (quivered)
 o - a throwing net
Armour
 b - a +0 scale mail
 c - a +0 buckler (worn)
 f - a +0 plate armour (worn)
 v - a +1 pair of gloves (worn)
Jewellery
 g - a ring of protection from fire
 m - a ring of protection from fire (left hand)
 u - a ring of ice
 F - a ring of flight
 G - an amulet of guardian spirit
 I - a ring of willpower (right hand)
 K - a ring of ice
 M - an amulet of guardian spirit (around neck)
Wands
 D - a wand of iceblast (3)
 L - a wand of charming (8)
 N - a wand of flame (10)
Scrolls
 h - 10 scrolls of identify
 p - 3 scrolls of enchant weapon
 q - 4 scrolls of immolation
 y - 2 scrolls of teleportation
 A - 2 scrolls of vulnerability {unknown}
 C - a scroll of poison {unknown}
 J - a scroll of silence {unknown}
Potions
 i - 3 potions of curing
 j - a potion of flight
 l - a potion of berserk rage {unknown}
 n - 2 potions of ambrosia
 r - 5 potions of heal wounds
 w - 2 potions of mutation
 x - 3 potions of degeneration {unknown}
 z - a potion of resistance {unknown}
 B - 2 potions of haste
 H - a potion of attraction


   Skills:
 + Level 8.7 Fighting
 + Level 13.7 Axes
 + Level 2.2 Throwing
 + Level 10.7 Armour
 - Level 2.0 Dodging
 + Level 0.3 Stealth
 + Level 5.9 Shields


You had 10 spell levels left.
You didn't know any spells.
Your spell library contained the following spells:

 Spells                   Type           Power      Damage    Failure   Level
 Kiss of Death            Conj/Necr      0%         2d5       99%         1
 Confusing Touch          Hex            0%         N/A       100%        3
 Frozen Ramparts          Ice            0%         1d1       100%        3
 Dispel Undead            Necr           0%         3d6       100%        4
 Ice Form                 Ice/Tmut       0%         N/A       100%        4
 Summon Ice Beast         Ice/Summ       0%         N/A       100%        4


Dungeon Overview and Level Annotations

Branches:
Dungeon (10/15)            Temple (1/1) D:4            Lair (0/5) D:9
    Orc (0/2) D:9

Altars:
Ashenzari
Cheibriados
Elyvilon
Fedhas
Gozag
Hepliaklqana
Kikubaaqudgha
Nemelex Xobeh
Okawaru
Qazlal
Ru
Sif Muna
Uskayaw
Vehumet
Wu Jian
Xom
The Shining One

Shops:
D:2 *   D:3 (   D:6 [


Innate Abilities, Weirdness & Mutations

You are somewhat resistant to further mutation.


Message History

You slash the acid dragon! You freeze the acid dragon.
You kill the acid dragon!
Beogh accepts your kill.
You have reached level 11!
There is a stone staircase leading down here.
You climb downwards.
The yak bellows! x3
There is a stone staircase leading up here.
Okay, then.
You feel very mighty all of a sudden. The yak gores you but does no damage.
You closely miss the yak. You hit the yak. You freeze the yak.
You slash the yak! You freeze the yak.
The yak is moderately wounded.
You hit the yak. You freeze the yak. The yak barely misses you.
The yak gores you!
* * * LOW HITPOINT WARNING * * *
You slice the yak!! You freeze the yak!
You kill the yak!
Beogh accepts your kill.
You hit the yak. You freeze the yak. You slash the yak! You freeze the yak.
You slash the yak! You freeze the yak. The yak gores you!
* * * LOW HITPOINT WARNING * * *
The yak gores you but does no damage. The yak closely misses you.
You hit the yak. You freeze the yak.
The yak is almost dead.
You slash the yak! You freeze the yak. You hit the yak. You freeze the yak.
You slash the yak! You freeze the yak.
You kill the yak!
Beogh accepts your kill.
You slash the yak! You freeze the yak. You barely miss the yak.
You are no longer corroded.
The yak gores you.
* * * LOW HITPOINT WARNING * * *
You block the yak's attack.
You slash the yak! You freeze the yak.
You kill the yak!
Beogh accepts your kill.
You hit the yak. You freeze the yak. The yak gores you.
You die...

#............##
...............
#..............
#.......^......
#..............
#..............
#......†.......
#.....Y@.....?.
#..............
...............
###############


You could see a yak.

Vanquished Creatures
  A centaur warrior (D:8)
  A manticore (D:8)
  Sigmund (D:6)
  A shadow (D:8)
  7 yaks
  3 wyverns
  A basilisk (D:9)
  A vampire mosquito (D:8)
  2 steam dragons
  2 acid dragons
  4 water moccasins
  A sky beast (D:7)
  An ice beast (D:8)
  4 black bears
  An ogre (D:6)
  2 orc warriors
  4 centaurs
  4 phantoms
  A kobold brigand (D:8)
  2 bullfrogs
  3 scorpions
  A wight (D:8)
  2 troll zombies (D:9)
  A killer bee (D:9)
  3 howler monkeys
  A crimson imp (D:3)
  A jelly (D:6)
  2 gnoll boudas (D:8)
  6 hounds
  4 orc priests
  A sleepcap (D:6)
  Jessica (D:2)
  Terence (D:3)
  5 iguanas
  7 orc wizards
  3 gnolls (D:3)
  4 adders
  3 shadow imps
  A white imp (D:5)
  An ufetubus (D:5)
  A worm (D:2)
  3 dart slugs
  26 orcs
  11 ball pythons
  3 bats (D:1)
  A bat zombie (D:4)
  10 endoplasms
  5 giant cockroaches
  2 goblins (D:1)
  4 hobgoblins
  3 jackals (D:1)
  6 kobolds
  5 quokkas
  7 frilled lizards (D:2)
  2 goblin skeletons (D:3)
  4 goblin zombies
  5 hobgoblin zombies
  A kobold zombie (D:3)
  2 orc skeletons (D:9)
  15 orc zombies
  6 rats
  2 rat zombies (D:4)
219 creatures vanquished.

Vanquished Creatures (others)
  An orc warrior (D:8)
  An orc priest (D:8)
  An orc wizard (D:8)
  An orc zombie (D:9)
4 creatures vanquished.

Grand Total: 223 creatures vanquished

Notes
Turn   | Place    | Note
-------+----------+-------------------------------------------
     0 | D:1      | Marvel the Hill Orc Fighter began the quest for the Orb.
     0 | D:1      | Reached XP level 1. HP: 19/19 MP: 1/1
   147 | D:1      | Reached XP level 2. HP: 25/27 MP: 2/2
   303 | D:1      | Reached skill level 3 in Axes
   390 | D:1      | Reached XP level 3. HP: 33/33 MP: 3/3
   733 | D:2      | You fall into a shaft and drop 2 floors!
   808 | D:3      | Found Macvuc's Antique Weapon Emporium.
   984 | D:2      | Noticed Jessica
   988 | D:2      | Killed Jessica
   989 | D:2      | Reached skill level 4 in Axes
   989 | D:2      | Reached XP level 4. HP: 34/41 MP: 4/4
  1235 | D:2      | Found Iroqymp's General Store.
  1242 | D:2      | Bought a potion of curing for 33 gold pieces
  1381 | D:3      | Reached XP level 5. HP: 28/47 MP: 5/5
  1392 | D:3      | HP: 2/47 [poisoned by a gnoll]
  1393 | D:3      | Reached skill level 5 in Axes
  1626 | D:3      | Noticed Terence
  1630 | D:3      | Killed Terence
  1712 | D:3      | Found a glowing golden altar of the Shining One.
  2334 | D:4      | Noticed a black bear
  2335 | D:4      | Noticed a phantom
  2348 | D:4      | Killed a black bear
  2349 | D:4      | Reached skill level 5 in Fighting
  2349 | D:4      | Reached skill level 6 in Axes
  2349 | D:4      | Reached XP level 6. HP: 56/56 MP: 6/6
  2448 | D:4      | Found a shimmering altar of Xom.
  2589 | D:4      | Identified the +2 pair of gloves of Sloth {rElec Regen+
                  | Dex+2}
  2630 | D:4      | Reached skill level 7 in Axes
  2630 | D:4      | Reached XP level 7. HP: 31/61 MP: 7/7
  2733 | D:4      | Found a staircase to the Ecumenical Temple.
  3063 | D:4      | Found an ancient bone altar of Kikubaaqudgha.
  3199 | D:5      | Entered Level 5 of the Dungeon
  3322 | D:4      | Reached skill level 8 in Axes
  3362 | D:5      | Reached skill level 5 in Armour
  3430 | D:5      | Reached XP level 8. HP: 64/70 MP: 8/8
  3614 | D:5      | Identified the +3 buckler of the Monkey {+Inv rElec rF-
                  | Int+2}
  3817 | D:5      | Reached skill level 9 in Axes
  3989 | D:6      | Found Yhyuffen's Antique Armour Shop.
  4227 | D:3      | Bought a brightly glowing hand axe for 184 gold pieces
  4227 | D:3      | Identified the +10 hand axe "Ufuhepp" {freeze, rC+ Will+}
                  | (You bought it in a shop on level 3 of the Dungeon)
  4321 | D:6      | Noticed Sigmund
  4333 | D:6      | Killed Sigmund
  4455 | D:6      | Reached skill level 10 in Axes
  4850 | D:6      | Reached skill level 1 in Throwing
  4850 | D:6      | Reached XP level 9. HP: 75/78 MP: 9/9
  5389 | D:7      | Found a shimmering blue altar of Sif Muna.
  6257 | Temple   | Entered the Ecumenical Temple
  6630 | D:8      | Reached skill level 11 in Axes
  6636 | D:8      | Found an iron altar of Okawaru.
  6812 | D:8      | Reached skill level 5 in Shields
  7016 | D:8      | Became a worshipper of Beogh the Brigand
  7021 | D:8      | Noticed a centaur warrior
  7024 | D:8      | Reached XP level 10. HP: 81/86 MP: 10/10
  7027 | D:8      | Noticed a manticore
  7035 | D:8      | Reached skill level 12 in Axes
  7035 | D:8      | Killed a centaur warrior
  7040 | D:8      | HP: 1/88 [manticore (9)]
  7043 | D:8      | Gained mutation: You are somewhat resistant to further
                  | mutation. [potion of mutation]
  7056 | D:8      | Killed a manticore
  7057 | D:8      | Reached skill level 1 in Dodging
  7266 | D:8      | Identified the +8 rapier of Ointment {venom, rC+}
  7700 | D:9      | Found a staircase to the Orcish Mines.
  7731 | D:8      | Reached * piety under Beogh
  7956 | D:9      | Found a staircase to the Lair.
  7962 | D:9      | Reached skill level 10 in Armour
  8079 | D:9      | Reached skill level 13 in Axes
  8166 | D:9      | Reached ** piety under Beogh
  8188 | D:9      | HP: 1/90 [orc warrior/bolt (11)]
  8193 | D:9      | Reached XP level 11. HP: 21/95 MP: 1/11
  8197 | D:10     | Entered Level 10 of the Dungeon
  8203 | D:10     | HP: 3/95 [yak (3)]
  8204 | D:10     | Slain by a yak

Illustrated notes

Levels and vault maps discovered:
D:1:      mrwooster_arrival_statue_3, layout_rooms, serial_corexii_hall,
          corexii_hall_statues_l, corexii_hall_statues_u,
          corexii_hall_statues_u, corexii_hall_statues_i,
          minmay_misc_feat_ornament
D:2:      layout_basic, serial_shops, nicolae_shop_advertising_works
          [nicolae_subvault_shop_adworks], minmay_lizard_pond, uniq_jessica
D:3:      layout_basic, nicolae_tso_besieged_by_evil, serial_shops, shop,
          uniq_terence
D:4:      layout_cave_pods, lemuel_zombie_altar_kikubaaqudgha,
          mainiacjoe_overflow_alcove_4, minmay_temple_entry_antechambers
D:5:      layout_rooms
D:6:      layout_basic, serial_shops, shop, uniq_sigmund
D:7:      layout_loops_corners, tgw_sif, grunt_ministairs_1, fountainhead
D:8:      minmay_bloctagon, layout_loops_ring, general_overflow_altar,
          minmay_small_thing
D:9:      layout_gridville, grunt_temple_overflow_open, minmay_lair_entry_grove,
          zombieorc2_lemuel, st_stairs_7
D:10:     layout_small_grid, hangedman_misty_isle
Temple:   nicolae_temple_bog_church

Skill      XL: |  1  2  3  4  5  6  7  8  9 10 |
---------------+-------------------------------+-----
Fighting       | 4 5 6 7 8 |  8.7
Axes           | 3 4 6 7 8 10 11 13 | 13.7
Armour         | 4 5 7 9 10 | 10.7
Shields        | 4 5 |  5.9
Throwing       | 1 2 |  2.2
Dodging        | 2 |  2.0
Stealth        | |  0.3

Action                     |  1- 3 |  4- 6 |  7- 9 | 10-12 || total
---------------------------+-------+-------+-------+-------++-------
  Melee: War axe           |    96 |   150 |   126 |       ||   372
         Hand axe          |       |       |   132 |   118 ||   250
  Throw: Dart              |       |     2 |    15 |       ||    17
 Invoke: Convert to Beogh  |       |       |     1 |       ||     1
    Use: Potion            |       |     2 |     1 |    10 ||    13
         Scroll            |       |       |     7 |     1 ||     8
 Armour: Scale mail        |     2 |       |       |       ||     2
         Plate armour      |    80 |    87 |   164 |    94 ||   425
         Skin              |       |       |       |    38 ||    38
  Dodge: Dodged            |    31 |    40 |    78 |    46 ||   195
  Block: Buckler           |    28 |    26 |    49 |    40 ||   143
